 Dungeon Crawl Stone Soup version 0.22-a0-565-gfc6459a (webtiles) character file.

1166 galech the Skirmisher (level 8, -7/84 HPs)
             Began as an Ogre Berserker on June 28, 2018.
             Was an Elder of Trog.
             Mangled by Prince Ribbit (17 damage)
             ... on level 5 of the Dungeon.
             The game lasted 00:09:15 (5062 turns).

galech the Skirmisher (Ogre Berserker)              Turns: 5062, Time: 00:09:16

Health: -7/84      AC:  3    Str: 24    XL:     8   Next: 40%
Magic:  8/8        EV: 11    Int:  8    God:    Trog [****..]
Gold:   158        SH:  0    Dex:  8    Spells: 7/7 levels left

rFire    . . .     SeeInvis .   a - +0 mace
rCold    . . .     Gourm    .   (no shield)
rNeg     . . .     Faith    .   b - +0 animal skin
rPois    .         Spirit   .   (helmet restricted)
rElec    .         Reflect  .   (no cloak)
rCorr    .         Harm     .   (gloves unavailable)
MR       .....                  (boots unavailable)
Stlth    ++++......             f - amulet of regeneration
HPRegen  0.64/turn              h - ring of stealth
MPRegen  0.11/turn              t - ring of stealth

@: berserk cooldown, slowed, very slow
A: large, unfitting armour, tough skin 1
a: Berserk, Trog's Hand, Brothers in Arms, Renounce Religion


You were on level 5 of the Dungeon.
You worshipped Trog.
Trog was greatly pleased with you.
You were very hungry.

You visited 1 branch of the dungeon, and saw 5 of its levels.
You also visited: Sewer.

You collected 158 gold pieces.

Inventory:

Hand Weapons
 a - a +0 mace (weapon)
Armour
 b - a +0 animal skin (worn)
Jewellery
 f - an amulet of regeneration (around neck)
 h - a ring of stealth (left hand)
 i - an uncursed amulet of the acrobat {unknown}
 o - a cursed amulet of inaccuracy {unknown}
 t - a ring of stealth (right hand)
Wands
 s - a wand of digging (17)
Scrolls
 e - 2 scrolls of remove curse
 j - a scroll of amnesia
 k - 2 scrolls of enchant weapon
 m - 2 scrolls of teleportation
 n - a scroll of fear {unknown}
 u - a scroll of identify
Potions
 d - 2 potions of ambrosia {unknown}
 g - 2 potions of heal wounds {unknown}
 l - a potion of might {unknown}
 p - 2 potions of flight {unknown}
 q - 2 potions of curing {unknown}
 r - a potion of haste {unknown}
Comestibles
 c - 5 rations
 v - 5 chunks of flesh


   Skills:
 + Level 6.9 Fighting
 + Level 6.6 Maces & Flails
 + Level 5.1 Dodging
 + Level 2.2 Stealth


You had 7 spell levels left.
You didn't know any spells.
Your spell library was empty.

Dungeon Overview and Level Annotations

Branches:
Dungeon (5/15)
 Temple: D:4-7

Altars:
Fedhas
Gozag
Kikubaaqudgha
Qazlal
Sif Muna
Trog

Shops:
D:2 *

Annotations:
D:5 Prince Ribbit


Innate Abilities, Weirdness & Mutations

You are too large for most types of armour.
You have tough skin. (AC +1)


Message History

Reactivating autopickup.
Your Dodging skill increases to level 5!
You feel a bit more experienced. The orc priest hits you with a club.
There are monsters nearby!
You are no longer berserk.
You are exhausted.
You feel yourself slow down. The orc priest hits you with a club!
* * * LOW HITPOINT WARNING * * *
There are monsters nearby!
There are monsters nearby!
The orc barely misses you.
Prince Ribbit blinks!
Prince Ribbit asks, "Just a little smooch?"
The orc hits you with a club.
* * * LOW HITPOINT WARNING * * *
The orc priest miscasts a cantrip.
Prince Ribbit hits you!!
* * * LOW HITPOINT WARNING * * *
The orc closely misses you. Prince Ribbit barely misses you.
The orc priest closely misses you. Prince Ribbit hits you!
You die...

..................
...................
.........))........
#...........(....$.
#......†.......(..
...#...............<
##...............
##....oFo:......
##....@.......#
##..........#
##(.......## #
####.########....
#......).........
####.##.########....
#### #......<.......
# ...#
#.##.#########. ...#
#.........#


You could see Prince Ribbit, an orc priest and an orc.

Vanquished Creatures
  Sigmund (D:5)
  2 ogres
  A phantom (D:5)
  A big kobold (Sewer)
  A scorpion (D:5)
  A howler monkey (D:4)
  A crimson imp (D:4)
  2 orc priests
  A jelly (D:5)
  2 hounds (D:4)
  2 orc wizards
  2 iguanas (D:4)
  A worker ant (D:4)
  7 gnolls
  6 adders
  A river rat (Sewer)
  2 adder skeletons (D:4)
  2 worms
  A dart slug (D:1)
  4 leopard geckos
  17 orcs
  2 ball pythons
  5 bats
  13 giant cockroaches
  12 goblins
  13 hobgoblins
  9 jackals
  3 quokkas
  3 frilled lizards
  7 kobolds
  A leopard gecko skeleton (D:4)
  A quokka skeleton (D:4)
  13 rats
140 creatures vanquished.

Notes
Turn   | Place    | Note
-------+----------+-------------------------------------------
     0 | D:1      | galech the Ogre Berserker began the quest for the Orb.
     0 | D:1      | Reached XP level 1. HP: 24/24 MP: 1/1
    52 | D:1      | Reached XP level 2. HP: 13/32 MP: 2/2
   552 | D:1      | Reached XP level 3. HP: 37/40 MP: 3/3
   819 | D:1      | Reached ** piety under Trog
   911 | D:2      | Found an opulent altar of Gozag.
  1322 | D:2      | Reached XP level 4. HP: 26/49 MP: 4/4
  1903 | D:2      | Found Gozag's Platinum Reserve.
  2306 | D:3      | Reached XP level 5. HP: 55/55 MP: 5/5
  2424 | D:3      | Reached skill level 5 in Fighting
  2452 | D:3      | Reached *** piety under Trog
  2482 | D:3      | Found a glowing drain.
  2505 | Sewer    | Entered a sewer
  2579 | Sewer    | Noticed a big kobold
  2608 | Sewer    | Killed a big kobold
  2608 | Sewer    | Reached XP level 6. HP: 65/66 MP: 6/6
  2633 | Sewer    | Found a white marble altar of Elyvilon.
  2743 | D:3      | Found a bloodstained altar of Trog.
  2846 | D:3      | Found a faded altar of an unknown god.
  3175 | D:4      | Found an ancient bone altar of Kikubaaqudgha.
  3197 | D:4      | Reached skill level 1 in Stealth
  3335 | D:4      | Found a blossoming altar of Fedhas.
  3335 | D:4      | Found a stormy altar of Qazlal.
  3655 | D:4      | Reached XP level 7. HP: 14/74 MP: 7/7
  3658 | D:4      | Reached skill level 5 in Maces & Flails
  3969 | D:4      | Reached **** piety under Trog
  4571 | D:4      | Found a deep blue altar of Sif Muna.
  4701 | D:5      | Entered Level 5 of the Dungeon
  4890 | D:4      | Reached XP level 8. HP: 43/84 MP: 8/8
  5030 | D:5      | Noticed Sigmund
  5049 | D:5      | Noticed Prince Ribbit
  5056 | D:5      | Killed Sigmund
  5056 | D:5      | Reached skill level 5 in Dodging
  5062 | D:5      | Mangled by Prince Ribbit

Vault maps used:
D:1:      lemuel_arrival_broad_hall, nrook_uturn
D:2:      nicolae_gozag_zags_fifth_avenue
D:3:      bloody_trog, chequers_ecumenical_altar_simple_redux, first_ration,
          cheibrodos_sewer_entry_drain
D:4:      grunt_temple_overflow_forces_of_nature, kiku_gazebo_garden_becter,
          lemuel_blue_sif_altar
D:5:      minmay_temple_entry_statues_fountains, serial_shops, shop,
          uniq_sigmund, uniq_prince_ribbit1
Sewer:    sewer_kobolds

Skill      XL: |  1  2  3  4  5  6  7  8 |
---------------+-------------------------+-----
Maces & Flails | 3 4 6 |  6.6
Dodging        | 3 4 5 |  5.1
Fighting       | 5 6 |  6.9
Stealth        | 1 2 |  2.2

Action                   |  1- 3 |  4- 6 |  7- 9 || total
-------------------------+-------+-------+-------++-------
Melee: Mace              |   144 |   272 |   146 ||   562
Invok: Berserk           |       |     5 |     4 ||     9
       Trog's Hand       |       |     1 |     2 ||     3
  Use: Scroll            |       |     4 |       ||     4
 Stab: Distracted        |       |     2 |       ||     2
       Sleeping          |       |     4 |     1 ||     5
  Eat: Chunk             |     1 |    13 |     8 ||    22
Armor: Animal skin       |    45 |    81 |    25 ||   151
Dodge: Dodged            |   101 |   205 |    73 ||   379

Table legend:
 A = Spawn XP
 B = Non-spawn XP
 C = Spawn XP percentage of total XP
 D = Spawn monster count
 E = Non-spawn monster count
 F = Spawn count percentage of total count
 G = Total turns spent on level
                    A         B        C        D         E        F      G
               +---------+---------+-------+---------+---------+-------+---------
         Total |       0 |    1666 |   0.0 |       0 |     140 |   0.0 |  5062
               +---------+---------+-------+---------+---------+-------+---------
           D:1 |       0 |      56 |   0.0 |       0 |      29 |   0.0 |   962
           D:2 |       0 |      97 |   0.0 |       0 |      28 |   0.0 |  1297
           D:3 |       0 |     105 |   0.0 |       0 |      22 |   0.0 |   743
           D:4 |       0 |     620 |   0.0 |       0 |      41 |   0.0 |  1592
           D:5 |       0 |     663 |   0.0 |       0 |      12 |   0.0 |   295
         Sewer |       0 |     125 |   0.0 |       0 |       8 |   0.0 |   173
               +---------+---------+-------+---------+---------+-------+---------
